 Dungeon Crawl Stone Soup version 0.17-a0-2220-g6fea741 (webtiles) character file.

197 TruthSerum the Skirmisher (level 5, -1/50 HPs)
             Began as a Minotaur Fighter on Oct 29, 2015.
             Killed by divine providence
             ... invoked by an orc priest
              (9 damage)
             ... on level 3 of the Dungeon.
             The game lasted 00:05:34 (1725 turns).

TruthSerum the Skirmisher (Minotaur Fighter)        Turns: 1725, Time: 00:05:34

Health: -1/50      AC:  8    Str: 21    XL:     5   Next: 46%
Magic:  4/4        EV:  7    Int:  5    God:
Gold:   236        SH: 10    Dex: 10    Spells: 0 memorised, 4 levels left

rFire  . . .     SeeInvis .     a - +0 flail
rCold  . . .     Clarity  .     b - +0 scale mail
rNeg   . . .     SustAt   .     c - +1 shield
rPois  .         Gourm    .     (helmet restricted)
rElec  .         Spirit   .     (no cloak)
rCorr  .         Warding  .     (no gloves)
rMut   .         Stasis   .     n - +0 pair of boots
MR     .....                    (no amulet)
Stlth  ..........               (no ring)
                                (no ring)

@: lethally poisoned (-1 -> -7), not resistant to hostile enchantments,
extremely unstealthy
A: retaliatory headbutt, horns 2
a: no special abilities


You were on level 3 of the Dungeon.
You were not hungry.

You visited 1 branch of the dungeon, and saw 3 of its levels.

You collected 236 gold pieces.

Inventory:

Hand Weapons
 a - a +0 flail (weapon)
Armour
 b - a +0 scale mail (worn)
 c - a +1 shield (worn)
 n - a +0 pair of boots (worn)
Wands
 i - a wand of slowing (24)
Scrolls
 f - 3 scrolls of teleportation
Potions
 d - 2 potions of might
 g - a potion of cancellation
 k - a potion of invisibility {unknown}
 l - 2 potions of heal wounds {unknown}
 p - a potion of curing {unknown}
Comestibles
 e - a bread ration
 h - 2 slices of pizza
 j - 2 chunks of flesh
 m - a royal jelly
 o - a beef jerky


   Skills:
 + Level 5.9 Fighting
 + Level 5.1 Maces & Flails
 - Level 3.6 Armour
 - Level 3.6 Shields


You had 4 spell levels left.
You didn't know any spells.

Dungeon Overview and Level Annotations

Branches:
Dungeon (3/15)

Altars:


Innate Abilities, Weirdness & Mutations

You reflexively headbutt those who attack you in melee.
You have a pair of horns on your head.


Message History

The orc priest mumbles some strange prayers to Beogh against you.
Something smites you!
* * * LOW HITPOINT WARNING * * *
The orc closely misses you. You furiously retaliate!
You headbutt the orc. The scorpion barely misses you. You furiously retaliate!
You headbutt the scorpion. The orc hits you with a club.
* * * LOW HITPOINT WARNING * * *
A giant newt comes into view.
You feel sick. You block the orc's attack.
You feel sick.
You feel sick.
You sock the orc!
You kill the orc!
You feel sick. You block the scorpion's attack.
You sock the scorpion!
The scorpion is heavily wounded.
You feel sick. The orc barely misses you. You block the scorpion's attack.
The orc priest calls down the wrath of Beogh upon you.
Something smites you!
You die...

#.......# #........#####
#.......######.....#####
#.#..........#.........#
#.#.#.#)####.#.(.......#
#.#.###.# #.##+###....####
#.#(....# #...........+..#
#.####### #..#.#......##.#
#+ #.#####..#.+.......).#
...>##..os@...###....###..#
......†oJ####.#.+.........#
..............#.#.......(.#
........$.......#>........#
..........................#
....####...............#.##
.... #.......#.......#.#
... +.......+..(....#.# ..
#.......#......##.##


You could see a scorpion, an orc priest, an ooze and an orc.

Vanquished Creatures
  A black bear (D:3)
  An orc wizard (D:3)
  4 adders
  5 orcs (D:3)
  11 bats
  A giant cockroach (D:1)
  6 hobgoblins
  2 jackals (D:1)
  2 quokkas (D:3)
  A giant gecko (D:1)
  6 goblins (D:1)
  4 kobolds (D:1)
  5 rats
49 creatures vanquished.

Notes
Turn   | Place    | Note
--------------------------------------------------------------
     0 | D:1      | TruthSerum the Minotaur Fighter began the quest for the Orb.
     0 | D:1      | Reached XP level 1. HP: 19/19 MP: 0/0
   177 | D:1      | Reached XP level 2. HP: 27/27 MP: 1/1
   281 | D:1      | Reached skill level 4 in Fighting
   639 | D:1      | Reached XP level 3. HP: 29/34 MP: 2/2
  1242 | D:3      | Reached skill level 5 in Fighting
  1242 | D:3      | Reached XP level 4. HP: 38/42 MP: 3/3
  1660 | D:3      | Noticed a black bear
  1664 | D:3      | Killed a black bear
  1664 | D:3      | Reached skill level 5 in Maces & Flails
  1664 | D:3      | Reached XP level 5. HP: 44/50 MP: 4/4
  1725 | D:3      | Killed from afar by an orc priest

Vault maps used:
D:1:      dpeg_arrival_connections
D:2:      lemuel_another_geyser
D:3:      grunt_decor_resistance

Action                   |  1- 3 |  4- 6 || total
-------------------------+-------+-------++-------
Melee: Flail             |    67 |    39 ||   106
  Use: Scroll            |     4 |     4 ||     8
  Eat: Chunk             |     1 |     2 ||     3
